| TOP OF THE 1ST |
|
Washington (APP) Nationals batting - Pitching for San Francisco (APP) Giants : RHP Kip Connolly
|
|
Pitching: RHP Kip Connolly
|
|
|
Batting: LHB Chris Williams
|
0-0: Swinging Strike 0-1: Ball 1-1: Foul Ball, location: 2F 1-2: Strikes out swinging
|
|
Batting: RHB Xavier Reeves
|
0-0: Ball 1-0: Ball 2-0: Called Strike 2-1: Foul Ball, location: 2F 2-2: Foul Ball, location: 2F 2-2: Ball 3-2: Reached on error, E6 (Groundball, 6, EV 90.6 MPH)
|
|
Batting: RHB Justin Davenport
|
0-0: Called Strike Xavier Reeves steals 2nd base 0-1: Ball 1-1: Ball 2-1: Ball 3-1: Called Strike 3-2: Base on Balls
|
|
Batting: RHB Er Le
|
0-0: Ball 1-0: Foul Ball, location: 2F 1-1: Called Strike Xavier Reeves steals 3rd base (no throw) 1-2: Ball 2-2: Foul Ball, location: 2F 2-2: Ball 3-2: Base on Balls Justin Davenport to second
|
|
Batting: RHB Taffounnout Kame
|
0-0: Called Strike 0-1: Ball 1-1: Ball 2-1: Fielders Choice at 2nd, 3-6 (Groundball, 34, EV 102.5 MPH) Xavier Reeves scores Justin Davenport to third
|
|
Batting: RHB Vasag Semerjian
|
0-0: Ball 1-0: Ball 2-0: Called Strike 2-1: Ball Taffounnout Kame steals 2nd, throwing error, E2 Justin Davenport scores Taffounnout Kame to third 3-1: Base on Balls
|
|
Batting: RHB Steve Kunselman
|
0-0: Called Strike 0-1: Ball 1-1: Foul Ball, location: 2F 1-2: SINGLE (Groundball, 56D, EV 94.4 MPH) Taffounnout Kame scores Vasag Semerjian to second
|
|
Batting: RHB Aaron Bateman
|
0-0: Called Strike 0-1: Called Strike 0-2: Foul Ball, location: 2F 0-2: Fly out, F7 (Flyball, 78M, EV 97.5 MPH)
|
| Top of the 1st over - 3 runs, 1 hit, 2 errors, 2 left on base; Washington (APP) 3 - San Francisco (APP) 0 |
| BOTTOM OF THE 1ST |
|
San Francisco (APP) Giants batting - Pitching for Washington (APP) Nationals : RHP Luke Cook
|
|
Pitching: RHP Luke Cook
|
|
|
Batting: SHB Cedric Sweep
|
0-0: Ball 1-0: Ball 2-0: Called Strike 2-1: Fly out, F8 (Flyball, 8RD, EV 82.5 MPH)
|
|
Batting: SHB Michael Woodard
|
0-0: Foul Ball, location: 2F 0-1: Ground out U3 (Groundball, 3, EV 80.0 MPH)
|
|
Batting: LHB Matt DeGrado
|
0-0: Fly out, F7 (Flyball, 7, EV 74.4 MPH)
|
| Bottom of the 1st over - 0 runs, 0 hits, 0 errors, 0 left on base; Washington (APP) 3 - San Francisco (APP) 0 |
| TOP OF THE 2ND |
|
Washington (APP) Nationals batting - Pitching for San Francisco (APP) Giants : RHP Kip Connolly
|
|
Batting: LHB Tony Olvera
|
0-0: Foul Ball, location: 2F 0-1: Ball 1-1: Called Strike 1-2: SINGLE (Line Drive, 9S, EV 103.8 MPH)
|
|
Batting: LHB Chris Williams
|
0-0: Swinging Strike 0-1: Swinging Strike 0-2: Ball 1-2: Strikes out swinging
|
|
Batting: RHB Xavier Reeves
|
0-0: Called Strike 0-1: Foul Ball, location: 2F 0-2: Strikes out swinging
|
|
Batting: RHB Justin Davenport
|
0-0: Ball 1-0: Foul Ball, location: 2F 1-1: Ball Wild Pitch! Tony Olvera to second 2-1: Foul Ball, location: 2F 2-2: Fly out, F7 (Flyball, 7, EV 92.5 MPH)
|
| Top of the 2nd over - 0 runs, 1 hit, 0 errors, 1 left on base; Washington (APP) 3 - San Francisco (APP) 0 |
| BOTTOM OF THE 2ND |
|
San Francisco (APP) Giants batting - Pitching for Washington (APP) Nationals : RHP Luke Cook
|
|
Batting: RHB Azeem bin Zuhair
|
0-0: Ball 1-0: Swinging Strike 1-1: Foul Ball, location: 2F 1-2: Foul Ball, location: 2F 1-2: Strikes out looking
|
|
Batting: RHB Rúbem Trancoso
|
0-0: Ball 1-0: Called Strike 1-1: Ball 2-1: Ball 3-1: Foul Ball, location: 2F 3-2: Foul Ball, location: 2F 3-2: Base on Balls
|
|
Batting: LHB Robert Soto
|
0-0: Called Strike 0-1: Ball Rúbem Trancoso is caught stealing 2nd base 2-6 1-1: Fly out, F6 (Line Drive, 6, EV 74.4 MPH)
|
| Bottom of the 2nd over - 0 runs, 0 hits, 0 errors, 0 left on base; Washington (APP) 3 - San Francisco (APP) 0 |
| TOP OF THE 3RD |
|
Washington (APP) Nationals batting - Pitching for San Francisco (APP) Giants : RHP Kip Connolly
|
|
Batting: RHB Er Le
|
0-0: Ball 1-0: Called Strike 1-1: Ball 2-1: Foul Ball, location: 2F 2-2: Ball 3-2: Base on Balls
|
|
Batting: RHB Taffounnout Kame
|
0-0: Ball Passed Ball! Er Le to second 1-0: Called Strike 1-1: Swinging Strike 1-2: Ball 2-2: Foul Ball, location: 2F 2-2: Ball 3-2: Foul Ball, location: 2F 3-2: Foul Ball, location: 2F 3-2: Strikes out looking
|
|
Batting: RHB Vasag Semerjian
|
0-0: Ball Er Le steals 3rd base 1-0: Ball 2-0: Ball Passed Ball! Er Le scores 3-0: Called Strike 3-1: Base on Balls
|
|
Batting: RHB Steve Kunselman
|
0-0: Ball Vasag Semerjian steals 2nd base 1-0: Foul Ball, location: 2F 1-1: Ball 2-1: Ball 3-1: Swinging Strike 3-2: Ground out 6-3 (Groundball, 6, EV 90.0 MPH)
|
|
Batting: RHB Aaron Bateman
|
0-0: Called Strike 0-1: Ground out 6-3 (Groundball, 6, EV 80.6 MPH)
|
| Top of the 3rd over - 1 run, 0 hits, 0 errors, 1 left on base; Washington (APP) 4 - San Francisco (APP) 0 |
| BOTTOM OF THE 3RD |
|
San Francisco (APP) Giants batting - Pitching for Washington (APP) Nationals : RHP Luke Cook
|
|
Batting: LHB Jason Haas
|
0-0: Swinging Strike 0-1: Foul Ball, location: 2F 0-2: Strikes out looking
|
|
Batting: LHB Diego Tellez
|
0-0: Foul Ball, location: 2F 0-1: Ball 1-1: Foul Ball, location: 2F 1-2: Foul Ball, location: 2F 1-2: Strikes out swinging
|
|
Batting: RHB Jim Unknown
|
0-0: Ball 1-0: Swinging Strike 1-1: Called Strike 1-2: Ground out 1-3 (Groundball, 34S, EV 68.1 MPH)
|
| Bottom of the 3rd over - 0 runs, 0 hits, 0 errors, 0 left on base; Washington (APP) 4 - San Francisco (APP) 0 |
| TOP OF THE 4TH |
|
Washington (APP) Nationals batting - Pitching for San Francisco (APP) Giants : RHP Kip Connolly
|
|
Batting: LHB Tony Olvera
|
0-0: Foul Ball, location: 2F 0-1: Foul Ball, location: 2F 0-2: Ball 1-2: Strikes out swinging
|
|
Batting: LHB Chris Williams
|
0-0: Ball 1-0: Ball 2-0: Ball 3-0: Base on Balls
|
|
Batting: RHB Xavier Reeves
|
0-0: Called Strike Chris Williams steals 2nd base (no throw) 0-1: Ball Chris Williams steals 3rd base 1-1: SINGLE (Line Drive, 34D, EV 102.5 MPH) Chris Williams scores
|
|
Batting: RHB Justin Davenport
|
0-0: Called Strike Xavier Reeves steals 2nd base 0-1: Foul Ball, location: 2F 0-2: Ball 1-2: Ball 2-2: Ball 3-2: 2-RUN HOME RUN (Flyball, 9D, EV 100.6 MPH), Distance : 382 ft
|
|
Batting: RHB Er Le
|
0-0: SINGLE (Groundball, 56, EV 106.2 MPH)
|
|
Batting: RHB Taffounnout Kame
|
0-0: SINGLE (Groundball, 56D, EV 101.9 MPH) Er Le to second
|
|
Batting: RHB Vasag Semerjian
|
0-0: Foul Ball, location: 2F 0-1: Ball Er Le steals 3rd base Taffounnout Kame to second 1-1: Ground out 6-3 (Groundball, 6, EV 98.8 MPH) Er Le scores
|
|
Batting: RHB Steve Kunselman
|
0-0: Ball 1-0: Called Strike 1-1: Ground out 5-3 (Groundball, 5, EV 102.5 MPH)
|
| Top of the 4th over - 4 runs, 4 hits, 0 errors, 1 left on base; Washington (APP) 8 - San Francisco (APP) 0 |
| BOTTOM OF THE 4TH |
|
San Francisco (APP) Giants batting - Pitching for Washington (APP) Nationals : RHP Luke Cook
|
|
Batting: SHB Cedric Sweep
|
0-0: Called Strike 0-1: Swinging Strike 0-2: Strikes out looking
|
|
Batting: SHB Michael Woodard
|
0-0: Ball 1-0: Ground out 4-3 (Groundball, 13, EV 90.6 MPH)
|
|
Batting: LHB Matt DeGrado
|
0-0: Ball 1-0: Fly out, F7 (Flyball, 7, EV 82.5 MPH)
|
| Bottom of the 4th over - 0 runs, 0 hits, 0 errors, 0 left on base; Washington (APP) 8 - San Francisco (APP) 0 |
| TOP OF THE 5TH |
|
Washington (APP) Nationals batting - Pitching for San Francisco (APP) Giants : RHP Kip Connolly
|
|
Batting: RHB Aaron Bateman
|
0-0: Ground out U3 (Groundball, 34S, EV 91.9 MPH)
|
|
Batting: LHB Tony Olvera
|
0-0: Ball 1-0: Ball 2-0: Ball 3-0: Foul Ball, location: 2F 3-1: Base on Balls
|
|
Batting: LHB Chris Williams
|
0-0: Foul Ball, location: 2F 0-1: Fielders Choice at 2nd, 1-4 (Groundball, 25, EV 72.5 MPH)
|
|
Batting: RHB Xavier Reeves
|
0-0: Ball 1-0: Ball 2-0: Ball Passed Ball! Chris Williams to second 3-0: Called Strike 3-1: Base on Balls
|
|
Batting: RHB Justin Davenport
|
0-0: SINGLE (Groundball, 6MD, EV 95.0 MPH) Chris Williams to third Xavier Reeves to second Runner from 3rd tries for Home, SAFE, throw by CF to home Xavier Reeves to third Justin Davenport to second
|
|
Batting: RHB Er Le
|
0-0: SINGLE (Groundball, 6M, EV 90.6 MPH) (infield hit) Xavier Reeves scores Justin Davenport to third
|
|
Batting: RHB Taffounnout Kame
|
0-0: Fly out, F3 (Popup, 34S, EV 73.1 MPH)
|
| Top of the 5th over - 2 runs, 2 hits, 0 errors, 2 left on base; Washington (APP) 10 - San Francisco (APP) 0 |
| BOTTOM OF THE 5TH |
|
San Francisco (APP) Giants batting - Pitching for Washington (APP) Nationals : RHP Luke Cook
|
|
Batting: RHB Azeem bin Zuhair
|
0-0: Called Strike 0-1: Ball 1-1: Ground out 4-3 (Groundball, 34D, EV 90.6 MPH)
|
|
Batting: RHB Rúbem Trancoso
|
0-0: Called Strike 0-1: Ball 1-1: Ground out 2-3 (Groundball, 15S, EV 73.1 MPH)
|
|
Batting: LHB Robert Soto
|
0-0: Ball 1-0: SINGLE (Line Drive, 6MD, EV 100.0 MPH)
|
|
Batting: LHB Jason Haas
|
0-0: Swinging Strike 0-1: Ball 1-1: Ball Wild Pitch! Robert Soto to second 2-1: Foul Ball, location: 2F 2-2: Strikes out swinging
|
| Bottom of the 5th over - 0 runs, 1 hit, 0 errors, 1 left on base; Washington (APP) 10 - San Francisco (APP) 0 |
| TOP OF THE 6TH |
|
Washington (APP) Nationals batting - Pitching for San Francisco (APP) Giants : RHP Kip Connolly
|
|
Batting: RHB Vasag Semerjian
|
0-0: Called Strike 0-1: DOUBLE (Groundball, 5L, EV 100.6 MPH)
|
|
Batting: RHB Steve Kunselman
|
0-0: 2-RUN HOME RUN (Flyball, 7LD, EV 93.8 MPH), Distance : 346 ft
|
|
Batting: RHB Aaron Bateman
|
0-0: Ball 1-0: Ball 2-0: Ball 3-0: Called Strike 3-1: Base on Balls
|
|
Batting: LHB Tony Olvera
|
0-0: Fielders Choice at 2nd, 6-4 (Groundball, 6M, EV 88.8 MPH)
|
|
Batting: LHB Chris Williams
|
0-0: Ball 1-0: Ball 2-0: Foul Ball, location: 2F 2-1: Ball Passed Ball! Tony Olvera to second 3-1: Foul Ball, location: 2F 3-2: Foul Ball, location: 2F 3-2: Base on Balls
|
|
Batting: RHB Xavier Reeves
|
0-0: Called Strike 0-1: SINGLE (Groundball, 34D, EV 102.5 MPH) Tony Olvera to third Chris Williams to second Runner from 3rd tries for Home, SAFE, throw by RF to home
|
|
Batting: RHB Justin Davenport
|
0-0: Fielders Choice at 2nd, 4-6 (Groundball, 4, EV 85.6 MPH) Chris Williams to third
|
|
Batting: RHB Er Le
|
0-0: Ball Passed Ball! Chris Williams scores Justin Davenport to second 1-0: Foul Ball, location: 2F 1-1: Ball 2-1: Ball 3-1: Base on Balls
|
|
Batting: RHB Taffounnout Kame
|
0-0: Ball 1-0: Ball 2-0: Ball Passed Ball! Justin Davenport to third Er Le to second 3-0: Called Strike 3-1: Base on Balls
|
|
Batting: RHB Vasag Semerjian
|
0-0: Ball 1-0: Called Strike 1-1: Ball Passed Ball! Justin Davenport scores Er Le to third Taffounnout Kame to second 2-1: Foul Ball, location: 2F 2-2: Ball 3-2: Foul Ball, location: 2F 3-2: Strikes out swinging
|
| Top of the 6th over - 5 runs, 3 hits, 0 errors, 2 left on base; Washington (APP) 15 - San Francisco (APP) 0 |
| BOTTOM OF THE 6TH |
|
San Francisco (APP) Giants batting - Pitching for Washington (APP) Nationals : RHP Luke Cook
|
|
Batting: LHB Diego Tellez
|
0-0: Foul Ball, location: 2F 0-1: Foul Ball, location: 2F 0-2: Ball 1-2: Strikes out looking
|
|
Batting: RHB Jim Unknown
|
0-0: Called Strike 0-1: Foul Ball, location: 2F 0-2: Ball 1-2: Fly out, F9 (Flyball, 9, EV 87.5 MPH)
|
|
Batting: SHB Cedric Sweep
|
0-0: Called Strike 0-1: Ball 1-1: Foul Ball, location: 2F 1-2: Strikes out swinging
|
| Bottom of the 6th over - 0 runs, 0 hits, 0 errors, 0 left on base; Washington (APP) 15 - San Francisco (APP) 0 |
| TOP OF THE 7TH |
|
Washington (APP) Nationals batting - Pitching for San Francisco (APP) Giants : RHP Kip Connolly
|
|
Batting: RHB Steve Kunselman
|
0-0: Ground out 6-3 (Groundball, 6, EV 83.1 MPH)
|
|
Batting: RHB Aaron Bateman
|
0-0: SOLO HOME RUN (Flyball, 78XD, EV 103.8 MPH), Distance : 439 ft
|
|
Batting: LHB Tony Olvera
|
0-0: Called Strike 0-1: Ball 1-1: Swinging Strike 1-2: Ball 2-2: Foul Ball, location: 2F 2-2: Ball 3-2: Base on Balls
|
|
Batting: LHB Chris Williams
|
0-0: Ball 1-0: Ball 2-0: Ball Passed Ball! Tony Olvera to second 3-0: Called Strike 3-1: Foul Ball, location: 2F 3-2: Base on Balls
|
|
Batting: RHB Xavier Reeves
|
0-0: SINGLE (Groundball, 56S, EV 69.4 MPH) (infield hit) Tony Olvera to third Chris Williams to second
|
|
Batting: RHB Justin Davenport
|
0-0: Ball 1-0: Called Strike 1-1: Called Strike 1-2: Ball 2-2: Ball 3-2: Base on Balls Tony Olvera scores Chris Williams to third Xavier Reeves to second
|
|
Pinch Hitting: RHB Scott Merritt
|
0-0: Called Strike 0-1: Hit by Pitch Chris Williams scores Xavier Reeves to third Justin Davenport to second
|
|
Batting: RHB Taffounnout Kame
|
0-0: GRAND SLAM HOME RUN (Flyball, 7D, EV 97.5 MPH), Distance : 381 ft
|
|
Batting: RHB Vasag Semerjian
|
0-0: SINGLE (Groundball, 34D, EV 101.9 MPH) (infield hit)
|
|
Batting: RHB Steve Kunselman
|
0-0: Called Strike 0-1: DOUBLE (Line Drive, 3D, EV 97.5 MPH) Vasag Semerjian to third
|
|
Batting: RHB Aaron Bateman
|
0-0: Ground out 5-3 (Groundball, 56, EV 103.8 MPH) Vasag Semerjian scores
|
|
Batting: LHB Tony Olvera
|
0-0: Swinging Strike 0-1: Ball Wild Pitch! Steve Kunselman to third 1-1: Foul Ball, location: 2F 1-2: SINGLE (Groundball, 25, EV 66.9 MPH) (infield hit) Steve Kunselman scores
|
|
Batting: LHB Chris Williams
|
0-0: Ball 1-0: Called Strike 1-1: Ball 2-1: Ball 3-1: Foul Ball, location: 2F 3-2: Base on Balls Tony Olvera to second
|
|
Batting: RHB Xavier Reeves
|
0-0: Ball Passed Ball! Tony Olvera to third Chris Williams to second 1-0: Called Strike 1-1: Hit by Pitch
|
|
Batting: RHB Justin Davenport
|
0-0: Foul Ball, location: 2F 0-1: SINGLE (Groundball, 56S, EV 100.0 MPH) Tony Olvera scores Chris Williams to third Xavier Reeves to second Runner from 3rd tries for Home, SAFE, throw by LF to home
|
|
Batting: RHB Scott Merritt
|
0-0: Foul Ball, location: 2F 0-1: Foul Ball, location: 2F 0-2: Fielders Choice at 2nd, U4 (Groundball, 4M, EV 107.5 MPH)
|
| Top of the 7th over - 11 runs, 7 hits, 0 errors, 2 left on base; Washington (APP) 26 - San Francisco (APP) 0 |
| BOTTOM OF THE 7TH |
|
San Francisco (APP) Giants batting - Pitching for Washington (APP) Nationals : RHP Luke Cook
|
|
Now at C: Scott Merritt
|
|
|
Now at 1B: Justin Davenport
|
|
|
Batting: SHB Michael Woodard
|
0-0: Ball 1-0: Ball 2-0: Fly out, F8 (Line Drive, 8LM, EV 88.8 MPH)
|
|
Batting: LHB Matt DeGrado
|
0-0: Ball 1-0: Foul Ball, location: 2F 1-1: Ball 2-1: Fly out, F8 (Flyball, 8LD, EV 103.8 MPH)
|
|
Batting: RHB Azeem bin Zuhair
|
0-0: Called Strike 0-1: SOLO HOME RUN (Flyball, 9LD, EV 95.0 MPH), Distance : 365 ft
|
|
Batting: RHB Rúbem Trancoso
|
0-0: Ball 1-0: TRIPLE (Flyball, 8RXD, EV 102.5 MPH)
|
|
Batting: LHB Robert Soto
|
0-0: Called Strike 0-1: Foul Ball, location: 2F 0-2: Foul Ball, location: 2F 0-2: Ball 1-2: Strikes out swinging
|
| Bottom of the 7th over - 1 run, 2 hits, 0 errors, 1 left on base; Washington (APP) 26 - San Francisco (APP) 1 |
| TOP OF THE 8TH |
|
Washington (APP) Nationals batting - Pitching for San Francisco (APP) Giants : RHP Kip Connolly
|
|
Batting: RHB Taffounnout Kame
|
0-0: Foul Ball, location: 2F 0-1: Foul Ball, location: 2F 0-2: Foul Ball, location: 2F 0-2: Fly out, F9 (Flyball, 9, EV 83.1 MPH)
|
|
Batting: RHB Vasag Semerjian
|
0-0: Foul Ball, location: 2F 0-1: Foul Ball, location: 2F 0-2: Foul Ball, location: 2F 0-2: Ball 1-2: Strikes out swinging
|
|
Batting: RHB Steve Kunselman
|
0-0: Foul Ball, location: 2F 0-1: Fly out, F6 (Line Drive, 6, EV 72.5 MPH)
|
| Top of the 8th over - 0 runs, 0 hits, 0 errors, 0 left on base; Washington (APP) 26 - San Francisco (APP) 1 |
| BOTTOM OF THE 8TH |
|
San Francisco (APP) Giants batting - Pitching for Washington (APP) Nationals : RHP Luke Cook
|
|
Batting: LHB Jason Haas
|
0-0: Ball 1-0: Ball 2-0: Ball 3-0: Foul Ball, location: 2F 3-1: Called Strike 3-2: Base on Balls
|
|
Pitching: RHP Cheng-ho Tai
|
|
|
Batting: LHB Diego Tellez
|
0-0: Bunt missed! 0-1: Bunt missed! 0-2: Sac Bunt to 3S - play at first, batter OUT! 3-1 Jason Haas to second
|
|
Batting: RHB Jim Unknown
|
0-0: Called Strike 0-1: Ball 1-1: Foul Ball, location: 2F 1-2: Ball 2-2: SINGLE (Groundball, 56D, EV 108.1 MPH) Jason Haas to third
|
|
Batting: SHB Cedric Sweep
|
0-0: Called Strike 0-1: Ball 1-1: Ball 2-1: Foul Ball, location: 2F 2-2: Strikes out swinging
|
|
Batting: SHB Michael Woodard
|
0-0: Called Strike 0-1: Called Strike 0-2: Strikes out swinging
|
| Bottom of the 8th over - 0 runs, 1 hit, 0 errors, 2 left on base; Washington (APP) 26 - San Francisco (APP) 1 |
| TOP OF THE 9TH |
|
Washington (APP) Nationals batting - Pitching for San Francisco (APP) Giants : RHP Kip Connolly
|
|
Batting: RHB Aaron Bateman
|
0-0: Ball 1-0: Hit by Pitch
|
|
Pinch Hitting: RHB Kiyonaga Nakamura
|
0-0: Ball 1-0: Ball 2-0: Called Strike 2-1: Ball Wild Pitch! Aaron Bateman to second 3-1: Swinging Strike 3-2: Base on Balls
|
|
Pinch Hitting: RHB Justin Van Houten
|
0-0: Ball 1-0: Ball 2-0: Ball 3-0: Called Strike 3-1: Base on Balls Aaron Bateman to third Kiyonaga Nakamura to second
|
|
Batting: RHB Xavier Reeves
|
0-0: Ball Passed Ball! Aaron Bateman scores Kiyonaga Nakamura to third Justin Van Houten to second 1-0: Ball 2-0: Ball 3-0: Called Strike 3-1: Base on Balls
|
|
Batting: RHB Justin Davenport
|
0-0: Foul Ball, location: 2F 0-1: Fly out, F7 (Flyball, 7D, EV 78.1 MPH) Runner from 3rd tags up, OUT at HOME! 7-2 Justin Van Houten to third Xavier Reeves to second
|
|
Batting: RHB Scott Merritt
|
0-0: Swinging Strike 0-1: Swinging Strike 0-2: Ground out 6-3 (Groundball, 6, EV 101.9 MPH)
|
| Top of the 9th over - 1 run, 0 hits, 0 errors, 2 left on base; Washington (APP) 27 - San Francisco (APP) 1 |
| BOTTOM OF THE 9TH |
|
San Francisco (APP) Giants batting - Pitching for Washington (APP) Nationals : RHP Cheng-ho Tai
|
|
Now in LF: Chad Madsen
|
|
|
Now in CF: Justin Van Houten
|
|
|
Now in RF: Steve Kunselman
|
|
|
Batting: LHB Matt DeGrado
|
0-0: Called Strike 0-1: Ball 1-1: Swinging Strike 1-2: Foul Ball, location: 2F 1-2: Foul Ball, location: 2F 1-2: Ball 2-2: Ball 3-2: Base on Balls
|
|
Pitching: LHP Willie Rivera
|
|
|
Batting: RHB Azeem bin Zuhair
|
0-0: Ball 1-0: DOUBLE (Flyball, 8RXD, EV 108.8 MPH) Matt DeGrado to third
|
|
Batting: RHB Rúbem Trancoso
|
0-0: Called Strike 0-1: DOUBLE (Flyball, 89D, EV 92.5 MPH) Matt DeGrado scores Azeem bin Zuhair scores
|
|
Batting: LHB Robert Soto
|
0-0: Swinging Strike 0-1: Ball 1-1: Foul Ball, location: 2F 1-2: Strikes out swinging
|
|
Batting: LHB Jason Haas
|
0-0: Called Strike 0-1: Swinging Strike 0-2: Ball 1-2: Strikes out swinging
|
|
Batting: LHB Diego Tellez
|
0-0: Ball 1-0: Ball 2-0: Ground out 4-3 (Groundball, 4, EV 82.5 MPH)
|
| Bottom of the 9th over - 2 runs, 2 hits, 0 errors, 1 left on base; Washington (APP) 27 - San Francisco (APP) 3 |
|